 Dungeon Crawl Stone Soup version 0.20-a0-555-gf6ae02d (webtiles) character file.

15621 Laan the Spear-Bearer (level 12, -21/75 HPs)
             Began as a Gargoyle Fighter on Feb 8, 2017.
             Was a Priest of the Shining One.
             Killed from afar by Fannar (29 damage)
             ... with a bolt of cold
             ... on level 1 of the Lair of Beasts.
             The game lasted 00:27:44 (10750 turns).

Laan the Spear-Bearer (Gargoyle Fighter)           Turns: 10750, Time: 00:27:45

Health: -21/75     AC: 35    Str: 24    XL:     12   Next: 28%
Magic:  12/12      EV:  6    Int: 10    God:    the Shining One [***...]
Gold:   343        SH: 11    Dex:  9    Spells: 11/11 levels left

rFire    + . .     SeeInvis .   a - +0 trident
rCold    . . .     Gourm    .   p - +0 plate armour
rNeg     + + .     Faith    .   c - +0 shield
rPois    ∞         Spirit   .   n - +2 hat
rElec    +         Reflect  .   N - +2 cloak
rCorr    .         Harm     .   t - +0 pair of gloves
MR       .....                  e - +1 pair of boots
Stlth    ..........             (no amulet)
Regen    0.3/turn               Y - ring of protection from fire
                                H - +3 ring of protection

@: glowing
A: negative energy resistance 1, electricity resistance, unbreathing,
petrification resistance, rot immunity, AC +8
a: Divine Shield, Renounce Religion


You were on level 1 of the Lair of Beasts.
You worshipped the Shining One.
The Shining One was most pleased with you.
You were not hungry.

You visited 3 branches of the dungeon, and saw 14 of its levels.
You also visited: Sewer.

You collected 605 gold pieces.
You spent 262 gold pieces at shops.

Inventory:

Hand Weapons
 a - a +0 trident (weapon)
 j - the +7 Singing Sword
   (You found it on level 10 of the Dungeon)
Armour
 c - a +0 shield (worn)
 e - a +1 pair of boots (worn)
 n - a +2 hat (worn)
 p - a +0 plate armour (worn)
 t - a +0 pair of gloves (worn)
 z - +0 fire dragon scales
 N - a +2 cloak (worn)
 U - the +1 scale mail "Jooggoi" {rF+}
   (You found it on level 10 of the Dungeon)

   It protects you from fire.
Jewellery
 H - a +3 ring of protection (left hand)
 Y - a ring of protection from fire (right hand)
Wands
 v - a wand of iceblast (8/15)
 K - a wand of iceblast (10/15)
 O - a wand of lightning (2/15)
 R - a wand of acid (5/15)
 X - a wand of lightning (4/15)
Scrolls
 h - 3 scrolls of amnesia {unknown}
 i - 6 scrolls of identify
 m - 10 scrolls of remove curse
 o - 5 scrolls of teleportation {unknown}
 q - 3 scrolls of immolation {unknown}
 s - 2 scrolls of fear {unknown}
 u - 2 scrolls of blinking {unknown}
 y - a scroll of noise {unknown}
 A - 2 scrolls of recharging {unknown}
 C - a scroll of enchant weapon {unknown}
 L - a scroll of enchant armour {unknown}
 M - 2 scrolls of magic mapping {unknown}
 Z - a scroll of fog {unknown}
Potions
 b - 3 potions of curing {unknown}
 d - a potion of might
 k - 3 potions of brilliance {unknown}
 r - a potion of beneficial mutation {unknown}
 w - a potion of heal wounds {unknown}
 x - 2 potions of degeneration {unknown}
 D - 3 potions of agility {unknown}
 E - a potion of invisibility {unknown}
 F - 4 potions of flight {unknown}
 G - 2 potions of magic {unknown}
 J - a potion of cancellation {unknown}
 P - a potion of mutation {unknown}
 S - a potion of lignification {unknown}
 V - a potion of haste {unknown}
Books
 I - a book of Geomancy

   Spells                             Type                      Level
   a - Sandblast                      Earth                        1
   b - Passwall                       Transmutation/Earth          2
   c - Stone Arrow                    Conjuration/Earth            3
   d - Petrify                        Transmutation/Earth          4
   e - Lee's Rapid Deconstruction     Earth                        5
 Q - a book of the Tempests

   Spells                             Type                      Level
   a - Static Discharge               Conjuration/Air              3
   b - Lightning Bolt                 Conjuration/Air              5
   c - Fireball                       Conjuration/Fire             5
   d - Tornado                        Air                          9
   e - Shatter                        Earth                        9
Comestibles
 f - 6 bread rations
 g - 10 royal jellies
 l - 4 meat rations
 T - 5 fruits


   Skills:
 + Level 8.5 Fighting
 * Level 13.7 Polearms
 + Level 8.8 Armour
 + Level 8.5 Shields


You had 11 spell levels left.
You didn't know any spells.

Dungeon Overview and Level Annotations

Branches:
Dungeon (12/15)            Temple (1/1) D:7            Lair (1/6) D:11
    Orc (0/2) D:11

Altars:
Cheibriados
Dithmenos
Elyvilon
Fedhas
Hepliaklqana
Makhleb
Qazlal
Sif Muna
Trog
Uskayaw
Xom
Yredelemnul
The Shining One

Shops:
D:8 [(*   D:9 [

Annotations:
Lair:1 Fannar


Innate Abilities, Weirdness & Mutations

You are resistant to torment.
Your stone body is resilient. (AC +8)
You are immune to poison.
You resist negative energy. (rN+)
You are resistant to electric shocks. (rElec)
You can survive without breathing.
You are immune to petrification.
You are immune to rotting.


Message History

Fannar glares icily.
Fannar casts a spell.
Fannar blinks!
Your shield and plate armour prevent you from hitting the ice beast.
The ice beast hits you but does no damage.
Fannar casts a spell.
Fannar drains the heat from the surrounding environment!
You feel very cold.
* * * LOW HITPOINT WARNING * * *
Fannar is frozen.
Fannar resists.
Fannar is almost dead.
You puncture the ice beast!
The ice beast is moderately wounded.
The ice beast hits you.
* * * LOW HITPOINT WARNING * * *
The ice beast freezes you!
* * * LOW HITPOINT WARNING * * *
Fannar points at you and mumbles some strange words.
The bolt of cold hits you!
You die...

#. #.# #.# #..
####.#.# ###.#
........ ...# #
.[....#
#.######....
......#
#.e@.YY..#
......#
#.####.#.#
......########.#
#
......#.##.##..#
.......†.......#
#####.########.#
# #.# #.# ##.#
#.# ####..# #.#


You could see Fannar and 2 ice beasts.

Vanquished Creatures
  Nessos (D:11)
  The ghost of yrara the Cleaver, a journeyman DDBe of Trog (D:10)
  3 two-headed ogres
  An ugly thing (D:12)
  A cyclops (D:11)
  A gargoyle (D:11)
  A rime drake (Lair:1)
  A troll (D:9)
  A hornet (D:11)
  Prince Ribbit (D:5)
  Grinder (D:4)
  A hippogriff (D:9)
  3 water elementals (D:12)
  A wyvern (D:10)
  26 yaks
  Grum (Lair:1)
  Menkaure (D:4)
  3 water moccasins (Lair:1)
  2 porcupines (Lair:1)
  A black bear (D:11)
  A phantom (D:10)
  An ice beast (D:11)
  2 orc warriors (D:11)
  2 sky beasts
  3 ogres
  4 wolves (Lair:1)
  3 centaurs
  2 crocodiles
  3 big kobolds
  8 bullfrogs
  A gnoll sergeant (D:9)
  14 killer bees
  A water moccasin skeleton (D:8)
  6 howler monkeys
  An electric eel (D:12)
  A bullfrog zombie (D:7)
  8 crimson imps
  4 bullfrog skeletons
  A hound (D:8)
  An orc priest (D:6)
  A jelly (D:5)
  3 iguanas
  6 worker ants
  5 orc wizards
  2 worker ant zombies
  18 adders
  22 gnolls
  A shadow imp (D:5)
  An adder zombie (D:7)
  5 worms
  6 dart slugs
  8 leopard geckos
  34 orcs
  12 ball pythons
  13 bats
  7 giant cockroaches
  10 goblins
  11 hobgoblins
  9 jackals
  3 quokkas
  8 frilled lizards
  A giant cockroach zombie (D:5)
  A jackal skeleton (D:8)
  26 kobolds
  A quokka zombie (D:6)
  9 rats
342 creatures vanquished.

Vanquished Creatures (others)
  A fungus (Lair:1)
  2 plants
3 creatures vanquished.

Grand Total: 345 creatures vanquished

Notes
Turn   | Place    | Note
-------+----------+-------------------------------------------
     0 | D:1      | Laan the Gargoyle Fighter began the quest for the Orb.
     0 | D:1      | Reached XP level 1. HP: 14/14 MP: 1/1
    87 | D:1      | Reached XP level 2. HP: 14/19 MP: 2/2
   136 | D:1      | Reached skill level 2 in Polearms
   292 | D:1      | Reached XP level 3. HP: 19/23 MP: 3/3
   628 | D:2      | Found a shadowy altar of Dithmenos.
   723 | D:2      | Reached skill level 3 in Polearms
   793 | D:2      | Reached XP level 4. HP: 28/28 MP: 4/4
   970 | D:2      | Found a bloodstained altar of Trog.
  1358 | D:3      | Reached skill level 4 in Polearms
  1427 | D:3      | Reached XP level 5. HP: 24/32 MP: 5/5
  1608 | D:3      | Reached skill level 5 in Polearms
  1659 | D:3      | Reached XP level 6. HP: 33/37 MP: 6/6
  2206 | D:4      | Reached skill level 6 in Polearms
  2267 | D:4      | Noticed Menkaure
  2278 | D:4      | Killed Menkaure
  2278 | D:4      | Reached XP level 7. HP: 10/41 MP: 7/7
  2834 | D:4      | Reached skill level 7 in Polearms
  3223 | D:4      | Noticed Grinder
  3225 | D:4      | Paralysed by Grinder for 3 turns
  3231 | D:4      | Paralysed by Grinder for 3 turns
  3244 | D:4      | Paralysed by Grinder for 5 turns
  3252 | D:4      | Killed Grinder
  3252 | D:4      | Reached skill level 8 in Polearms
  3252 | D:4      | Reached XP level 8. HP: 38/46 MP: 8/8
  3337 | D:5      | Entered Level 5 of the Dungeon
  3424 | D:5      | Found a basalt altar of Yredelemnul.
  3501 | D:5      | Found a snail-covered altar of Cheibriados.
  3617 | D:5      | Found a glowing drain.
  3655 | Sewer    | Entered a sewer
  4126 | D:5      | Reached skill level 9 in Polearms
  4296 | D:6      | Noticed Prince Ribbit
  4333 | D:5      | Killed Prince Ribbit
  4769 | D:6      | Reached skill level 10 in Polearms
  4856 | D:6      | Reached XP level 9. HP: 44/51 MP: 9/9
  5433 | D:7      | Found a staircase to the Ecumenical Temple.
  5440 | Temple   | Entered the Ecumenical Temple
  5509 | Temple   | Became a worshipper of the Shining One
  5934 | D:8      | Found Bunaam's Antique Weapon Shop.
  6296 | D:8      | Reached skill level 11 in Polearms
  6358 | D:8      | Found Lipn's Antique Armour Shoppe.
  6432 | D:8      | Bought a runed cloak for 262 gold pieces
  6615 | D:8      | Reached * piety under the Shining One
  6858 | D:8      | Noticed a two-headed ogre
  6872 | D:8      | Killed a two-headed ogre
  6872 | D:8      | Reached XP level 10. HP: 49/58 MP: 10/10
  6879 | D:8      | Found Miqahedi's General Store.
  7047 | D:9      | Reached skill level 5 in Armour
  7082 | D:9      | Reached skill level 5 in Fighting
  7203 | D:9      | Reached skill level 5 in Shields
  7491 | D:9      | Noticed a two-headed ogre
  7512 | D:9      | Killed a two-headed ogre
  7512 | D:9      | Reached skill level 12 in Polearms
  8231 | D:9      | Found Utichy's Antique Armour Emporium.
  8507 | D:10     | Entered Level 10 of the Dungeon
  8543 | D:10     | Reached XP level 11. HP: 55/66 MP: 11/11
  8579 | D:10     | Reached ** piety under the Shining One
  8621 | D:10     | Noticed yrara's ghost (journeyman DDBe)
  8658 | D:10     | Killed yrara's ghost
  8856 | D:10     | Got a heavily runed scale mail
  8857 | D:10     | Identified the +1 scale mail "Jooggoi" {rF+} (You found it on level 10 of the Dungeon)
  9099 | D:11     | Noticed a cyclops
  9123 | D:11     | Killed a cyclops
  9234 | D:11     | Found a staircase to the Orcish Mines.
  9345 | D:11     | Found a staircase to the Lair.
  9521 | D:11     | Reached skill level 13 in Polearms
  9799 | D:12     | Noticed Nessos
  9910 | D:11     | Killed Nessos
 10053 | D:12     | Noticed a cyan ugly thing
 10069 | D:12     | Noticed a two-headed ogre
 10080 | D:12     | Killed a cyan ugly thing
 10089 | D:12     | Killed a two-headed ogre
 10247 | D:12     | Reached XP level 12. HP: 61/73 MP: 12/12
 10371 | Lair:1   | Entered Level 1 of the Lair of Beasts
 10396 | Lair:1   | Noticed Grum
 10444 | Lair:1   | Killed Grum
 10678 | Lair:1   | Noticed Fannar
 10678 | Lair:1   | Reached *** piety under the Shining One
 10750 | Lair:1   | Killed from afar by Fannar

Vault maps used:
D:1:      lightli_arrival_flooded_house
D:2:      nicolae_overflow_crystal_walls,
          nicolae_dithmenos_through_a_glass_darkly
D:3:      first_bread, dk_noncrumbling_3, minmay_misc_feat_four_crosses
D:4:      minmay_snake_closets, uniq_grinder, uniq_menkaure
D:5:      lemuel_round_altar, portal_sewer_entry_b, cheibriados_altar_1
D:6:      minmay_misc_feat_room, uniq_prince_ribbit1
D:7:      minmay_temple_entry_mist
D:8:      serial_shops, kennysheep_mini, nicolae_shop_behind_doors, shop,
          kennysheep_generic_room_2
D:9:      minmay_klotski, serial_shops, nicolae_shop_overgrown_old_shop
D:11:     lair_entry_dummy, david_orc_2
D:12:     lemuel_troll_bridge, uniq_nessos, uniq_nergalle
Temple:   dpeg_five_rooms_temple
Lair:1:   lemuel_fruit_tree, uniq_grum, uniq_fannar, uniq_gastronok
Sewer:    sewer_fruit_machine

Skill      XL: |  1  2  3  4  5  6  7  8  9 10 11 |
---------------+----------------------------------+-----
Polearms       | 2 3 4 5 6 8 10 11 12 13 | 13.7
Armour         | 4 6 8 |  8.8
Fighting       | 4 6 8 |  8.5
Shields        | 4 6 8 |  8.5

Action                   |  1- 3 |  4- 6 |  7- 9 | 10-12 || total
-------------------------+-------+-------+-------+-------++-------
Melee: Trident           |   136 |   291 |   756 |   913 ||  2096
Evoke: Wand              |       |       |     2 |       ||     2
  Use: Scroll            |     1 |     1 |     1 |     3 ||     6
       Potion            |       |       |       |     1 ||     1
 Stab: Distracted        |       |       |     1 |       ||     1
       Confused          |       |       |     3 |       ||     3
  Eat: Chunk             |       |     5 |    11 |     8 ||    24
       Fruit             |       |       |    12 |     1 ||    13
Armor: Scale mail        |    11 |       |       |       ||    11
       Ring mail         |     7 |       |       |       ||     7
       Chain mail        |    42 |     7 |       |       ||    49
       Plate armour      |       |   189 |   367 |   338 ||   894
Dodge: Dodged            |    30 |    36 |   100 |    84 ||   250
Block: Shield            |    59 |   126 |   283 |   259 ||   727
